TOP OF THE 1ST |
Tremont Doubledays batting - Pitching for Augusta Timber Hawks : LHP Damien Scudder
|
Pitching: LHP Damien Scudder
|
|
Batting: RHB Jesús Quintana
|
0-0: Ball 1-0: Ground out 6-3 (Groundball, 6)
|
Batting: RHB Sheldon Deshotels
|
0-0: Foul Ball, location: 2F 0-1: Foul Ball, location: 2F 0-2: Ball 1-2: Ball 2-2: Ball 3-2: Fly out, F8 (Flyball, 8RD)
|
Batting: RHB Menno van de Vlugt
|
0-0: Swinging Strike 0-1: Ground out 3-1 (Groundball, 34S)
|
Top of the 1st over - 0 runs, 0 hits, 0 errors, 0 left on base; Tremont 0 - Augusta 0 |
BOTTOM OF THE 1ST |
Augusta Timber Hawks batting - Pitching for Tremont Doubledays : RHP Christian Irgoyen
|
Pitching: RHP Christian Irgoyen
|
|
Batting: LHB José Pérez
|
0-0: SINGLE (Line Drive, 89S)
|
Batting: SHB Adrián Zamudio
|
0-0: Ball 1-0: Ball 2-0: Called Strike 2-1: Fly out, F7 (Flyball, 7S)
|
Batting: RHB David Gómez
|
0-0: Called Strike 0-1: Ball 1-1: Ball José Pérez is caught stealing 2nd base 2-1: Called Strike 2-2: Ball 3-2: Foul Ball, location: 2F 3-2: SINGLE (Line Drive, 78S)
|
Batting: LHB Juan Gabriel
|
0-0: Called Strike 0-1: Ball 1-1: Foul Ball, location: 2F 1-2: Ball 2-2: Ground out 3-1 (Groundball, 34)
|
Bottom of the 1st over - 0 runs, 2 hits, 0 errors, 1 left on base; Tremont 0 - Augusta 0 |
TOP OF THE 2ND |
Tremont Doubledays batting - Pitching for Augusta Timber Hawks : LHP Damien Scudder
|
Batting: RHB Andrés Gonzáles
|
0-0: Called Strike 0-1: Foul Ball, location: 2F 0-2: Ball 1-2: Ball 2-2: SINGLE (Flyball, 9LS)
|
Batting: RHB Sang Hong-Do
|
0-0: Called Strike 0-1: Called Strike 0-2: Ball 1-2: Strikes out swinging
|
Batting: RHB Alfredo Suárez
|
0-0: Ball 1-0: Called Strike 1-1: Called Strike 1-2: Foul Ball, location: 2F 1-2: Ball 2-2: Foul Ball, location: 2F 2-2: Fly out, F6 (Popup, 6)
|
Batting: RHB Arturo Morales
|
0-0: Fly out, F6 (Line Drive, 6)
|
Top of the 2nd over - 0 runs, 1 hit, 0 errors, 1 left on base; Tremont 0 - Augusta 0 |
BOTTOM OF THE 2ND |
Augusta Timber Hawks batting - Pitching for Tremont Doubledays : RHP Christian Irgoyen
|
Batting: LHB José Marín
|
0-0: Ball 1-0: Ball 2-0: Ball 3-0: Base on Balls
|
Batting: RHB Kenny Fleming
|
0-0: Called Strike 0-1: Ball 1-1: Foul Ball, location: 2F 1-2: Ball 2-2: Ball Wild Pitch! José Marín to second 3-2: Foul Ball, location: 2F 3-2: Base on Balls
|
Batting: LHB Dan O'Day
|
0-0: Ball 1-0: Ball 2-0: Ball 3-0: Base on Balls José Marín to third Kenny Fleming to second
|
Batting: RHB Anastasio Hernández
|
0-0: Called Strike 0-1: Swinging Strike 0-2: Ball 1-2: Strikes out looking
|
Batting: RHB Jorge López
|
0-0: SINGLE (Groundball, 4MD) José Marín scores Kenny Fleming to third Dan O'Day to second Runner from 3rd tries for Home, SAFE, no throw
|
Batting: LHB José Pérez
|
0-0: Swinging Strike 0-1: Grounds into double play, 4-6-3 (Groundball, 4M)
|
Bottom of the 2nd over - 2 runs, 1 hit, 0 errors, 1 left on base; Tremont 0 - Augusta 2 |
TOP OF THE 3RD |
Tremont Doubledays batting - Pitching for Augusta Timber Hawks : LHP Damien Scudder
|
Batting: RHB Jack Davis
|
0-0: Ball 1-0: Ball 2-0: Foul Ball, location: 2F 2-1: Foul Ball, location: 2F 2-2: Foul Ball, location: 2F 2-2: Ground out 5-3 (Groundball, 56S)
|
Batting: LHB Denis Jerningham
|
0-0: Called Strike 0-1: Called Strike 0-2: Foul Ball, location: 2F 0-2: Ground out 3-1 (Groundball, 23)
|
Batting: RHB Jesús Quintana
|
0-0: Called Strike 0-1: Swinging Strike 0-2: Ball 1-2: Foul Ball, location: 2F 1-2: Ball 2-2: Foul Ball, location: 2F 2-2: Fly out, F3 (Popup, 3)
|
Top of the 3rd over - 0 runs, 0 hits, 0 errors, 0 left on base; Tremont 0 - Augusta 2 |
BOTTOM OF THE 3RD |
Augusta Timber Hawks batting - Pitching for Tremont Doubledays : RHP Christian Irgoyen
|
Batting: SHB Adrián Zamudio
|
0-0: Ball 1-0: Called Strike 1-1: Ball 2-1: SINGLE (Flyball, 8RS)
|
Batting: RHB David Gómez
|
0-0: Ball 1-0: Called Strike 1-1: Ball 2-1: Foul Ball, location: 2F 2-2: Foul Ball, location: 2F 2-2: Strikes out swinging
|
Batting: LHB Juan Gabriel
|
0-0: Foul Ball, location: 2F 0-1: Ball 1-1: Called Strike 1-2: Foul Ball, location: 2F 1-2: Strikes out swinging
|
Batting: LHB José Marín
|
0-0: SINGLE (Flyball, 9LS) Adrián Zamudio to second Runner from 2nd tries for 3rd, SAFE, no throw
|
Batting: RHB Kenny Fleming
|
0-0: Ball 1-0: Swinging Strike 1-1: Foul Ball, location: 2F 1-2: Ball 2-2: Ball 3-2: Fly out, F7 (Flyball, 7LSF)
|
Bottom of the 3rd over - 0 runs, 2 hits, 0 errors, 2 left on base; Tremont 0 - Augusta 2 |
TOP OF THE 4TH |
Tremont Doubledays batting - Pitching for Augusta Timber Hawks : LHP Damien Scudder
|
Batting: RHB Sheldon Deshotels
|
0-0: Ball 1-0: Ball 2-0: SINGLE (Line Drive, 6)
|
Batting: RHB Menno van de Vlugt
|
0-0: Ball 1-0: SINGLE (Groundball, 34D) Sheldon Deshotels to second Runner from 2nd tries for 3rd, SAFE, no throw
|
Batting: RHB Andrés Gonzáles
|
0-0: Called Strike 0-1: Ball 1-1: Ball 2-1: Foul Ball, location: 2F 2-2: Ball 3-2: Base on Balls Menno van de Vlugt to second
|
Batting: RHB Sang Hong-Do
|
0-0: Called Strike 0-1: Called Strike 0-2: Fly out, F4 (Line Drive, 4)
|
Batting: RHB Alfredo Suárez
|
0-0: Fly out, F7 (Line Drive, 7) Runner from 3rd tags up, SCORES, no throw
|
Batting: RHB Arturo Morales
|
0-0: Fly out, F7 (Flyball, 7D)
|
Top of the 4th over - 1 run, 2 hits, 0 errors, 2 left on base; Tremont 1 - Augusta 2 |
BOTTOM OF THE 4TH |
Augusta Timber Hawks batting - Pitching for Tremont Doubledays : RHP Christian Irgoyen
|
Batting: LHB Dan O'Day
|
0-0: Called Strike 0-1: Ball 1-1: Called Strike 1-2: Foul Ball, location: 2F 1-2: Ball 2-2: SOLO HOME RUN (Flyball, 9LD), Distance : 361 ft
|
Batting: RHB Anastasio Hernández
|
0-0: Ball 1-0: Ball 2-0: Called Strike 2-1: Ground out 3-1 (Groundball, 34)
|
Batting: RHB Jorge López
|
0-0: Called Strike 0-1: Foul Ball, location: 2F 0-2: Ball 1-2: SINGLE (Flyball, 7S)
|
Batting: LHB José Pérez
|
0-0: Foul Ball, location: 2F 0-1: Fly out, F9 (Flyball, 9)
|
Batting: SHB Adrián Zamudio
|
0-0: Ball 1-0: Ball 2-0: Ball 3-0: Called Strike 3-1: Called Strike 3-2: Foul Ball, location: 2F 3-2: Base on Balls Jorge López to second
|
Batting: RHB David Gómez
|
0-0: Ball 1-0: Called Strike 1-1: Fly out, F8 (Flyball, 8LD)
|
Bottom of the 4th over - 1 run, 2 hits, 0 errors, 2 left on base; Tremont 1 - Augusta 3 |
TOP OF THE 5TH |
Tremont Doubledays batting - Pitching for Augusta Timber Hawks : LHP Damien Scudder
|
Batting: RHB Jack Davis
|
0-0: Foul Ball, location: 2F 0-1: Swinging Strike 0-2: Ball 1-2: Ball 2-2: Ground out 5-3 (Groundball, 56)
|
Batting: LHB Denis Jerningham
|
0-0: Ball 1-0: Swinging Strike 1-1: Swinging Strike 1-2: Ball 2-2: Ground out 1-3 (Groundball, 13)
|
Batting: RHB Jesús Quintana
|
0-0: Ball 1-0: Fly out, F5 (Line Drive, 5S)
|
Top of the 5th over - 0 runs, 0 hits, 0 errors, 0 left on base; Tremont 1 - Augusta 3 |
BOTTOM OF THE 5TH |
Augusta Timber Hawks batting - Pitching for Tremont Doubledays : RHP Christian Irgoyen
|
Batting: LHB Juan Gabriel
|
0-0: Swinging Strike 0-1: Ball 1-1: Ball 2-1: Called Strike 2-2: Ground out U3 (Groundball, 34)
|
Batting: LHB José Marín
|
0-0: Ball 1-0: Called Strike 1-1: Called Strike 1-2: SINGLE (Groundball, 6D)
|
Batting: RHB Kenny Fleming
|
0-0: Ball 1-0: Fielders Choice at 2nd, 6-4 (Groundball, 56)
|
Batting: LHB Dan O'Day
|
0-0: Ball 1-0: Ball 2-0: Swinging Strike 2-1: Ball 3-1: Base on Balls Kenny Fleming to second
|
Batting: RHB Anastasio Hernández
|
0-0: Ball Wild Pitch! Kenny Fleming to third Dan O'Day to second 1-0: Ball 2-0: Ball 3-0: Base on Balls
|
Batting: RHB Jorge López
|
0-0: Ground out 4-3 (Groundball, 4S)
|
Bottom of the 5th over - 0 runs, 1 hit, 0 errors, 3 left on base; Tremont 1 - Augusta 3 |
TOP OF THE 6TH |
Tremont Doubledays batting - Pitching for Augusta Timber Hawks : LHP Damien Scudder
|
Batting: RHB Sheldon Deshotels
|
0-0: Ball 1-0: DOUBLE (Groundball, 3L)
|
Batting: RHB Menno van de Vlugt
|
0-0: Ball 1-0: Called Strike 1-1: Ground out 5-3 (Groundball, 56)
|
Batting: RHB Andrés Gonzáles
|
0-0: Ball 1-0: Ball 2-0: Fly out, F7 (Flyball, 7D)
|
Batting: RHB Sang Hong-Do
|
0-0: Ball 1-0: Fly out, F9 (Flyball, 9D)
|
Top of the 6th over - 0 runs, 1 hit, 0 errors, 1 left on base; Tremont 1 - Augusta 3 |
BOTTOM OF THE 6TH |
Augusta Timber Hawks batting - Pitching for Tremont Doubledays : RHP Christian Irgoyen
|
Batting: LHB José Pérez
|
0-0: Called Strike 0-1: Ball 1-1: Ball 2-1: Fly out, F4 (Line Drive, 4)
|
Batting: SHB Adrián Zamudio
|
0-0: DOUBLE (Line Drive, 89D)
|
Batting: RHB David Gómez
|
0-0: Ground out 3-1 (Groundball, 34) Adrián Zamudio to third
|
Pitching: RHP Alonso Martínez
|
|
Batting: LHB Juan Gabriel
|
0-0: Ball 1-0: Called Strike 1-1: Called Strike 1-2: Ball 2-2: Strikes out swinging
|
Bottom of the 6th over - 0 runs, 1 hit, 0 errors, 1 left on base; Tremont 1 - Augusta 3 |
TOP OF THE 7TH |
Tremont Doubledays batting - Pitching for Augusta Timber Hawks : LHP Damien Scudder
|
Batting: RHB Alfredo Suárez
|
0-0: Ball 1-0: Fly out, F7 (Flyball, 7D)
|
Batting: RHB Arturo Morales
|
0-0: Foul Ball, location: 2F 0-1: Ball 1-1: Fly out, F7 (Flyball, 78XD)
|
Batting: RHB Jack Davis
|
0-0: Foul Ball, location: 2F 0-1: Fly out, F9 (Line Drive, 89M)
|
Top of the 7th over - 0 runs, 0 hits, 0 errors, 0 left on base; Tremont 1 - Augusta 3 |
BOTTOM OF THE 7TH |
Augusta Timber Hawks batting - Pitching for Tremont Doubledays : RHP Alonso Martínez
|
Batting: LHB José Marín
|
0-0: Ball 1-0: SOLO HOME RUN (Flyball, 9LD), Distance : 350 ft
|
Batting: RHB Kenny Fleming
|
0-0: Ball 1-0: Ground out 6-3 (Groundball, 56)
|
Batting: LHB Dan O'Day
|
0-0: Fly out, F7 (Flyball, 7LS)
|
Batting: RHB Anastasio Hernández
|
0-0: Called Strike 0-1: Ball 1-1: Fly out, F7 (Flyball, 78D)
|
Bottom of the 7th over - 1 run, 1 hit, 0 errors, 0 left on base; Tremont 1 - Augusta 4 |
TOP OF THE 8TH |
Tremont Doubledays batting - Pitching for Augusta Timber Hawks : LHP Damien Scudder
|
Batting: LHB Denis Jerningham
|
0-0: Foul Ball, location: 2F 0-1: Called Strike 0-2: Ball 1-2: Ball 2-2: Ground out 1-3 (Groundball, 13S)
|
Pitching: RHP Iván Flores
|
|
Batting: RHB Jesús Quintana
|
0-0: Swinging Strike 0-1: Swinging Strike 0-2: Strikes out swinging
|
Batting: SHB Carlos González
|
0-0: Called Strike 0-1: Ball 1-1: Ball 2-1: Ball 3-1: Foul Ball, location: 2F 3-2: Base on Balls
|
Batting: RHB Menno van de Vlugt
|
0-0: Swinging Strike 0-1: Ball 1-1: Swinging Strike 1-2: Ball 2-2: Foul Ball, location: 2F 2-2: Strikes out swinging
|
Top of the 8th over - 0 runs, 0 hits, 0 errors, 1 left on base; Tremont 1 - Augusta 4 |
BOTTOM OF THE 8TH |
Augusta Timber Hawks batting - Pitching for Tremont Doubledays : RHP Alonso Martínez
|
Now in LF: Carlos González
|
|
Batting: RHB Jorge López
|
0-0: Ball 1-0: Called Strike 1-1: Fly out, F8 (Flyball, 8LD)
|
Batting: LHB José Pérez
|
0-0: Ball 1-0: Called Strike 1-1: Hit by Pitch
|
Batting: SHB Adrián Zamudio
|
0-0: Called Strike José Pérez steals 2nd base 0-1: Ball 1-1: DOUBLE (Flyball, 8LXD) José Pérez scores
|
Pitching: RHP León Vásquez
|
|
Batting: RHB David Gómez
|
0-0: DOUBLE (Line Drive, 8LD) Adrián Zamudio scores
|
Batting: LHB Juan Gabriel
|
0-0: Ball 1-0: Ball 2-0: SINGLE (Flyball, 78S) David Gómez to third Runner from 3rd tries for Home, SAFE, throw made home
|
Batting: LHB José Marín
|
0-0: Swinging Strike 0-1: SINGLE (Line Drive, 34) Juan Gabriel to second
|
Batting: RHB Kenny Fleming
|
0-0: Ball 1-0: Called Strike 1-1: Fly out, F8 (Flyball, 8LM)
|
Batting: LHB Dan O'Day
|
0-0: Ball 1-0: Foul Ball, location: 2F 1-1: Ball 2-1: Fly out, F7 (Flyball, 7)
|
Bottom of the 8th over - 3 runs, 4 hits, 0 errors, 2 left on base; Tremont 1 - Augusta 7 |
TOP OF THE 9TH |
Tremont Doubledays batting - Pitching for Augusta Timber Hawks : RHP Iván Flores
|
Now at 1B: Pedro Jiménez
|
|
Batting: RHB Andrés Gonzáles
|
0-0: Foul Ball, location: 2F 0-1: Ball 1-1: Fly out, F7 (Flyball, 78D)
|
Batting: RHB Sang Hong-Do
|
0-0: Ball 1-0: Ball 2-0: Ball 3-0: Base on Balls
|
Batting: RHB Alfredo Suárez
|
0-0: Ball 1-0: Called Strike 1-1: Fly out, F6 (Line Drive, 6)
|
Batting: RHB Arturo Morales
|
0-0: Called Strike 0-1: Foul Ball, location: 2F 0-2: Ball 1-2: Ball 2-2: Foul Ball, location: 2F 2-2: Ball 3-2: Foul Ball, location: 2F 3-2: Strikes out swinging
|
Top of the 9th over - 0 runs, 0 hits, 0 errors, 1 left on base; Tremont 1 - Augusta 7 |
|